 Dungeon Crawl Stone Soup version 0.27.1-34-g3ba077fa99 (webtiles) character file.

Game seed: 11294925346524353886

140 ticklebelly the Skirmisher (level 5, -2/47 HPs)
             Began as a Minotaur Berserker on Jan 3, 2022.
             Was a Believer of Trog.
             Slain by a scorpion (5 damage)
             ... on level 3 of the Dungeon.
             The game lasted 00:07:06 (3016 turns).

ticklebelly the Skirmisher (Minotaur Berserker)     Turns: 3016, Time: 00:07:07

Health: -2/47      AC:  2    Str: 23    XL:     5   Next: 2%
Magic:  4/4        EV: 12    Int:  4    God:    Trog [**....]
Gold:   101        SH:  0    Dex:  9    Spells: 4/4 levels left

rFire    . . .     SeeInvis .   a - +0 hand axe
rCold    . . .     Faith    .   (no shield)
rNeg     . . .     Spirit   .   b - +0 animal skin
rPois    .         Reflect  .   (helmet restricted)
rElec    .         Harm     .   (no cloak)
rCorr    .         Rampage  .   (no gloves)
Will     ++...                  (no boots)
Stlth    +.........             (no amulet)
HPRegen  1.15/turn              (no ring)
MPRegen  0.09/turn              (no ring)

@: lethally poisoned (-2 -> -3), strong-willed, regenerating
A: horns 2, retaliatory headbutt
a: Renounce Religion, Berserk, Trog's Hand


You were on level 3 of the Dungeon.
You worshipped Trog.
Trog was pleased with you.
You visited 1 branch of the dungeon, and saw 3 of its levels.

You collected 101 gold pieces.

Inventory:

Hand Weapons
 a - a +0 hand axe (weapon)
Armour
 b - a +0 animal skin (worn)
Scrolls
 d - 3 scrolls of magic mapping {unknown}
 f - a scroll of blinking {unknown}
 i - a scroll of identify {unknown}
 l - a scroll of teleportation {unknown}
Potions
 c - 3 potions of curing {unknown}
 e - a potion of might {unknown}
 g - 2 potions of heal wounds {unknown}
 h - a potion of lignification {unknown}
 j - a potion of haste {unknown}
 k - 2 potions of attraction {unknown}


   Skills:
 + Level 4.6 Fighting
 + Level 4.5 Axes
 + Level 3.9 Armour
 + Level 3.4 Dodging


You had 4 spell levels left.
You didn't know any spells.
Your spell library was empty.

Dungeon Overview and Level Annotations

Branches:
Dungeon (3/15)

Altars:

Shops:
D:1 *!(


Innate Abilities, Weirdness & Mutations

You have a pair of horns on your head.
You reflexively headbutt those who attack you in melee.


Message History

The scorpion is lightly wounded.
The scorpion barely misses you.
You hit the scorpion but do no damage.
The scorpion is lightly wounded.
An orc comes into view. It is wielding a +0 hand axe.
The scorpion stings you!
The orc moves out of view.
You hit the scorpion.
The scorpion is lightly wounded.
The scorpion barely misses you.
You hit the scorpion but do no damage.
You headbutt the scorpion, but do no damage.
The scorpion is lightly wounded.
The scorpion closely misses you. The scorpion misses you.
You barely miss the scorpion.
The scorpion is lightly wounded.
The scorpion closely misses you.
You hit the scorpion.
The scorpion is moderately wounded.
The scorpion stings you but does no damage.
You hit the scorpion but do no damage.
The scorpion is moderately wounded.
The scorpion stings you. x2
You hit the scorpion.
The scorpion is severely wounded.
The scorpion stings you!
You are poisoned.
The scorpion poisons you!
The orc priest miscasts a cantrip.
Your skin crawls.
You feel strong-willed.
You feel very sick. The scorpion stings you!
The orc priest invokes the aid of Beogh against you.
Beogh smites you!
* * * LOW HITPOINT WARNING * * *
You hear a shout!
You hit the scorpion but do no damage.
The scorpion is severely wounded.
You feel sick. The scorpion stings you.
You die...

######..## ##.## #
.........# #####...###
######...# #......^...
#(..# #.###....## ##
#...###.# ##.#.#
....####......#.....#.#
#.............#####...
##.###.##.###.# ....
#@##.# # #...# #s##.#
#...# #o##.. #...#
..#### .## #. #. #.


You could see a scorpion and an orc priest.

Vanquished Creatures
  Natasha (twice) (D:2)
  3 adders
  A dart slug (D:1)
  5 orcs (D:3)
  6 ball pythons
  5 endoplasms
  3 giant cockroaches
  5 goblins
  5 hobgoblins
  3 jackals (D:2)
  6 quokkas
  2 bats (D:2)
  A frilled lizard (D:2)
  3 kobolds
  4 rats
54 creatures vanquished.

Notes
Turn   | Place    | Note
-------+----------+-------------------------------------------
     0 | D:1      | ticklebelly the Minotaur Berserker began the quest for the
                  | Orb.
     0 | D:1      | Reached XP level 1. HP: 19/19 MP: 0/0
    24 | D:1      | Found Bichod's Distillery.
    47 | D:1      | Found Synevor's Weapon Boutique.
   343 | D:1      | Reached XP level 2. HP: 18/27 MP: 1/1
   620 | D:1      | Found a faded altar of an unknown god.
   689 | D:1      | Found Yfuc's General Store.
  1276 | D:2      | Reached XP level 3. HP: 20/33 MP: 2/2
  1845 | D:2      | Reached ** piety under Trog
  1938 | D:2      | Noticed Natasha
  1945 | D:2      | Killed Natasha
  1946 | D:2      | Reached XP level 4. HP: 19/41 MP: 3/3
  1959 | D:2      | Noticed Natasha
  1964 | D:2      | Killed Natasha
  2879 | D:3      | Reached XP level 5. HP: 30/47 MP: 4/4
  3016 | D:3      | Slain by a scorpion

Illustrated notes

Levels and vault maps discovered:
D:1:      dpeg_arrival_simpleton_b, layout_basic,
          hellmonk_ecumenical_altar_blasted, serial_shops, shop, shop, shop,
          minmay_hedge_maze, grunt_decor_junction, minivault_4, st_stairs_12
D:2:      layout_basic, uniq_natasha
D:3:      layout_loops_ring, serial_shops, shop, hangedman_decor_peaks_small

Skill      XL: |  1  2  3 |
---------------+----------+-----
Fighting       | 4 |  4.6
Axes           | 4 |  4.5
Armour         | 3 |  3.9
Dodging        | 3 |  3.4

Action                   |  1- 3 |  4- 6 || total
-------------------------+-------+-------++-------
Melee: Hand axe          |    87 |    40 ||   127
       Headbutt          |    19 |     7 ||    26
Invok: Berserk           |     2 |       ||     2
       Trog's Hand       |       |     1 ||     1
 Stab: Sleeping          |     1 |       ||     1
Armor: Animal skin       |    18 |     3 ||    21
Dodge: Dodged            |    37 |    24 ||    61
